 Dungeon Crawl Stone Soup version 0.30.1-11-g7821555f0a (webtiles) character file.

Game seed: 14671607003608062357

3208 fireball365 the Cleaver (level 9, -4/81 HPs)
             Began as a Hill Orc Fighter on Dec 3, 2023.
             Slain by a two-headed ogre
             ... wielding a +0 giant club
              (6 damage)
             ... on level 8 of the Dungeon.
             The game lasted 00:13:10 (6696 turns).

fireball365 the Cleaver (Hill Orc Fighter)          Turns: 6696, Time: 00:13:11

Health: -4/81      AC: 17    Str: 23    XL:     9   Next: 97%
Magic:  9/9        EV:  9    Int:  8    God:
Gold:   283        SH:  5    Dex: 10    Spells: 8/8 levels left

rFire   + . .        a - +0 war axe
rCold   + . .        c - +0 buckler
rNeg    + . .        l - +0 chain mail
rPois   .            s - +1 helmet
rElec   .            q - scarf {rC+ rF+}
rCorr   .            C - +0 pair of gloves
SInv    .            w - +2 pair of boots {Stlth+}
Will    .....        (no amulet) Stlth
                     y - ring of positive energy
HPRegen 0.33/turn    A - ring of flight
MPRegen 0.11/turn

%: no passive effects
@: flying
A: no striking features
a: no special abilities


You were on level 8 of the Dungeon.
You visited 2 branches of the dungeon, and saw 9 of its levels.

You collected 283 gold pieces.

Inventory:

Hand Weapons
 a - a +0 war axe (weapon)
 t - a +0 battleaxe
 x - a +0 great mace
Missiles
 I - 3 poisoned darts (quivered)
 J - 2 throwing nets
Armour
 b - a +0 scale mail
 c - a +0 buckler (worn)
 l - a +0 chain mail (worn)
 q - a scarf of resistance (worn)
 s - a +1 helmet (worn)
 w - a +2 pair of boots of stealth (worn)
 C - a +0 pair of gloves (worn)
Jewellery
 f - a ring of magical power
 y - a ring of positive energy (left hand)
 A - a ring of flight (right hand)
Wands
 r - a wand of light (3)
 B - a wand of flame (20)
 F - a wand of paralysis (16)
Scrolls
 k - a scroll of fear
 m - 4 scrolls of enchant weapon
 p - 4 scrolls of silence
 u - a scroll of magic mapping
 v - 2 scrolls of identify
 G - a scroll of torment
Potions
 d - a potion of might
 e - a potion of heal wounds
 g - a potion of flight
 h - 5 potions of curing
 i - 2 potions of haste
 j - a potion of magic
 n - 2 potions of attraction
 o - a potion of berserk rage {unknown}
 z - a potion of brilliance {unknown}
 D - a potion of mutation {unknown}
 E - a potion of lignification
 H - a potion of ambrosia {unknown}


   Skills:
 + Level 8.0 Fighting
 + Level 12.4 Axes
 + Level 7.2 Armour
 + Level 2.3 Dodging
 + Level 5.5 Shields


You had 8 spell levels left.
You didn't know any spells.
Your spell library contained the following spells:

 Spells                   Type           Power      Damage    Failure   Level
 Magic Dart               Conj           0%         1d3       95%         1
 Call Imp                 Summ           0%         N/A       99%         2
 Mephitic Cloud           Conj/Pois/Air  0%         N/A       100%        3


Dungeon Overview and Level Annotations

Branches:
Dungeon (8/15)             Temple (1/1) D:5
   Lair: D:8-11

Altars:
Ashenzari
Cheibriados
Dithmenos
Elyvilon
Fedhas
Hepliaklqana
Kikubaaqudgha
Makhleb
Nemelex Xobeh
Okawaru
Qazlal
Ru
Trog
Uskayaw
Vehumet
Wu Jian
Xom
Yredelemnul
Zin
The Shining One

Shops:
D:2 ?:[(   D:4 :


Message History

You destroy the sleepcap!
v - 2 scrolls of identify (gained 1)
There is a stone staircase leading up here.
Found a stone staircase leading up.
K - a scroll labelled LUDUHUT YHYCID Done exploring.
Done exploring.
The air fills with toxic fumes!
As you read the scroll labelled LUDUHUT YHYCID, it crumbles to dust.
It was a scroll of poison.
There is a stone staircase leading down here.
You fly downwards.
Found a wand of flame (19).
There is a stone staircase leading up here.
Found a ring mail.
B - a wand of flame (20) (gained 19 charges)
You now have 283 gold pieces (gained 10).
A two-headed ogre comes into view. It is wielding two +0 giant clubs.
Found a book of the Tundra.
The two-headed ogre shouts in stereo!
You hear a bellow!
The two-headed ogre hits you with a +0 giant club!
You block the two-headed ogre's attack.
You see here a book of the Tundra.
You hit the two-headed ogre.
The two-headed ogre is lightly wounded.
You hit the two-headed ogre.
The two-headed ogre is lightly wounded.
The two-headed ogre hits you with a +0 giant club! x2
You slash the two-headed ogre!
The two-headed ogre is moderately wounded.
You slash the two-headed ogre!
The two-headed ogre is heavily wounded.
The two-headed ogre hits you with a +0 giant club!
The two-headed ogre closely misses you.
You slash the two-headed ogre!
The two-headed ogre is severely wounded.
The two-headed ogre hits you with a +0 giant club!!
* * * LOW HITPOINT WARNING * * *
The two-headed ogre hits you with a +0 giant club.
You die...

# #.
#.#########
#.........#
#.##.##
#.###.#.#@#
#......###O.#
#####.##
#.### #.##
##.. ##.##
##.####.#
##.###..# #.#
### .#
##.#.#.# #.#
... ...
##.##.# #.#
#.# #..
####.# #.#
#.# #..


You could see a two-headed ogre.

Vanquished Creatures
  Sigmund (D:3)
  4 yaks (D:7)
  Menkaure (D:6)
  A sky beast (D:7)
  An ice beast (D:6)
  2 orc warriors
  2 black bears (D:6)
  An ogre (D:6)
  2 centaurs (D:7)
  A phantom (D:4)
  3 bullfrogs
  A scorpion (D:4)
  3 wights (D:7)
  An oklob sapling (D:5)
  5 killer bees (D:7)
  2 jellies
  A hound (D:6)
  5 orc priests
  2 gnoll boudas
  A sleepcap (D:7)
  6 orc wizards
  3 iguanas
  4 adders
  11 gnolls
  A shadow imp (D:6)
  A white imp (D:4)
  An ufetubus (D:7)
  3 worms
  A dart slug (D:2)
  19 orcs
  6 ball pythons
  4 endoplasms
  3 giant cockroaches
  9 hobgoblins
  4 jackals (D:2)
  4 kobolds
  3 quokkas
  3 frilled lizards
  7 goblins
  A rat (D:1)
134 creatures vanquished.

Notes
Turn   | Place    | Note
-------+----------+-------------------------------------------
     0 | D:1      | fireball365 the Hill Orc Fighter began the quest for the
                  | Orb.
     0 | D:1      | Reached XP level 1. HP: 19/19 MP: 1/1
    71 | D:1      | Found a faded altar of an unknown god.
   380 | D:1      | Reached XP level 2. HP: 19/27 MP: 2/2
   950 | D:2      | Reached skill level 3 in Axes
  1001 | D:2      | Reached XP level 3. HP: 29/33 MP: 3/3
  1155 | D:2      | Found Hyosk's Magic Scroll Shop.
  1208 | D:2      | Found Jari Rumoatt's Armour Boutique.
  1210 | D:2      | Found Wymowix's Book Emporium.
  1399 | D:2      | Found Tutireoz's Antique Weapon Shoppe.
  1626 | D:3      | Noticed Sigmund
  1630 | D:3      | Reached XP level 4. HP: 28/40 MP: 4/4
  1637 | D:3      | Killed Sigmund
  1638 | D:3      | Reached skill level 5 in Axes
  1638 | D:3      | Reached skill level 1 in Dodging
  1638 | D:3      | Reached XP level 5. HP: 26/47 MP: 5/5
  1791 | D:3      | Reached XP level 6. HP: 53/53 MP: 6/6
  2229 | D:4      | Reached skill level 6 in Axes
  2543 | D:4      | Found Eloibyu's Vocational Training.
  2612 | D:4      | Reached skill level 5 in Fighting
  2612 | D:4      | Reached skill level 7 in Axes
  2612 | D:4      | Reached XP level 7. HP: 61/61 MP: 7/7
  2865 | D:5      | Entered Level 5 of the Dungeon
  2886 | D:5      | Found a radiant altar of Vehumet.
  3060 | D:5      | Found a hazy altar of Hepliaklqana.
  3215 | D:5      | Found a staircase to the Ecumenical Temple.
  3253 | Temple   | Entered the Ecumenical Temple
  3865 | D:5      | Reached skill level 8 in Axes
  4180 | D:6      | Reached skill level 5 in Armour
  4185 | D:6      | Reached XP level 8. HP: 9/69 MP: 8/8
  4436 | D:6      | Noticed Menkaure
  4447 | D:6      | Killed Menkaure
  4448 | D:6      | Reached skill level 9 in Axes
  5050 | D:6      | Reached skill level 10 in Axes
  5065 | D:6      | Reached skill level 5 in Shields
  5226 | D:6      | Found a white marble altar of Elyvilon.
  5298 | D:7      | Found a snail-covered altar of Cheibriados.
  5318 | D:7      | Reached XP level 9. HP: 33/78 MP: 9/9
  5525 | D:7      | Reached skill level 11 in Axes
  5853 | D:7      | Reached skill level 12 in Axes
  6690 | D:8      | Noticed a two-headed ogre
  6696 | D:8      | HP: 2/81 [two-headed ogre/+0 giant club (25)]
  6696 | D:8      | Slain by a two-headed ogre

Illustrated notes

Levels and vault maps discovered:
D:1:      mrwooster_arrival_statue, layout_basic,
          ebering_ecumenical_altar_petrified
D:2:      layout_basic, serial_shops, nicolae_shop_tiny_statue_garden, shop,
          nicolae_shop_hallway_plus, nicolae_shop_dealshenge,
          wad_floor_pattern_untrapped
D:3:      layout_basic, uniq_sigmund
D:4:      layout_cave_pools, nicolae_shop_vocational
D:5:      layout_gridville, mainiacjoe_overflow_brackets, vehumet_altar_wand_db,
          minmay_temple_entry_oklob, chequers_serial_rivers_marsh,
          palyth_stone_intersect
D:6:      layout_rooms, mainiacjoe_overflow_alcove_1, uniq_menkaure
D:7:      layout_cave_pools, cheibriados_altar_1
D:8:      layout_loops_ring, nicolae_gozag_seed_capital, uniq_pikel
Temple:   eino_temple_scatter_basement

Skill      XL: |  1  2  3  4  5  6  7  8  9 |
---------------+----------------------------+-----
Fighting       | 4 5 6 8 |  8.0
Axes           | 3 5 7 8 10 12 | 12.4
Armour         | 4 5 6 7 |  7.2
Dodging        | 1 2 |  2.3
Shields        | 4 5 |  5.5

Action                     |  1- 3 |  4- 6 |  7- 9 || total
---------------------------+-------+-------+-------++-------
  Melee: War axe           |    84 |    87 |   303 ||   474
    Use: Scroll            |     7 |       |    13 ||    20
         Potion            |       |       |     2 ||     2
 Armour: Scale mail        |    30 |       |       ||    30
         Chain mail        |    28 |    51 |   226 ||   305
  Dodge: Dodged            |    53 |    35 |   187 ||   275
  Block: Buckler           |    26 |    20 |   101 ||   147
